 Dungeon Crawl Stone Soup version 0.26-a0-597-gb535b0901c (webtiles) character file.

Game seed: 14627070549963451074

21 Lanoc the Skirmisher (level 2, 0/27 HPs)
             Began as a Draconian Monk on Aug 29, 2020.
             Killed from afar by Natasha (6 damage)
             ... with a magic dart
             ... on level 2 of the Dungeon.
             The game lasted 00:01:16 (859 turns).

Lanoc the Skirmisher (Draconian Monk)                Turns: 859, Time: 00:01:17

Health: 0/27       AC:  4    Str: 13    XL:     2   Next: 62%
Magic:  2/2        EV: 14    Int: 10    God:
Gold:   41         SH:  5    Dex: 19    Spells: 1/1 levels left

rFire    . . .     SeeInvis .   a - +0 falchion
rCold    . . .     Faith    .   (no shield)
rNeg     . . .     Spirit   .   (armour unavailable)
rPois    .         Reflect  +   (helmet restricted)
rElec    .         Harm     .   (no cloak)
rCorr    .                      (no gloves)
MR       .....                  (no boots)
Stlth    ++........             b - amulet of reflection
HPRegen  0.09/turn              g - +6 ring of dexterity
MPRegen  0.08/turn              (no ring)

@: no status effects
A: unfitting armour, cold-blooded, AC +4
a: no special abilities


You were on level 2 of the Dungeon.
You visited 1 branch of the dungeon, and saw 2 of its levels.

You collected 41 gold pieces.

Inventory:

Hand Weapons
 a - a +0 falchion (weapon)
Jewellery
 b - an amulet of reflection (around neck)
 g - a +6 ring of dexterity (left hand)
Scrolls
 d - a scroll of identify {unknown}
 h - a scroll of blinking {unknown}
Potions
 c - a potion of stabbing {unknown}
 e - a potion of flight {unknown}
 f - a potion of cancellation {unknown}


   Skills:
 + Level 3.7 Fighting
 + Level 3.3 Long Blades
 + Level 3.0 Dodging
 - Level 1.7 Stealth


You had one spell level left.
You didn't know any spells.
Your spell library was empty.

Dungeon Overview and Level Annotations

Branches:
Dungeon (2/15)

Altars:

Annotations:
D:2 Natasha


Innate Abilities, Weirdness & Mutations

Your plain brown scales are hard. (AC +4)
You cannot fit into any form of body armour.
You are cold-blooded and may be slowed by cold attacks.


Message History

Natasha is lightly wounded.
You block Natasha's attack.
You barely miss Natasha.
Natasha is lightly wounded.
Natasha closely misses you.
You riposte.
You barely miss Natasha. You tail-slap Natasha.
Natasha is moderately wounded.
You barely miss Natasha.
Natasha is moderately wounded.
You block Natasha's attack.
You hit Natasha. You tail-slap Natasha.
Natasha is severely wounded.
Natasha stares at you and mumbles some strange words.
The magic dart hits you!
* * * LOW HITPOINT WARNING * * *
You barely miss Natasha.
Your tail-slap misses Natasha.
Natasha is severely wounded.
Natasha stares at you and mumbles some strange words.
The magic dart hits you.
You die...

#.# #.#
#.# #.#
#.# #5#
#h# #@#
#.####.#
#<.....#
########


You could see Natasha and a white imp (summoned).

Vanquished Creatures
  A dart slug (D:1)
  A leopard gecko (D:1)
  2 bats (D:1)
  2 goblins (D:1)
  2 hobgoblins (D:1)
  3 jackals (D:1)
  2 frilled lizards (D:1)
  3 rats (D:1)
16 creatures vanquished.

Notes
Turn   | Place    | Note
-------+----------+-------------------------------------------
     0 | D:1      | Lanoc the Draconian Monk began the quest for the Orb.
     0 | D:1      | Reached XP level 1. HP: 19/19 MP: 1/1
   150 | D:1      | Reached XP level 2. HP: 15/26 MP: 2/2
   846 | D:2      | Noticed Natasha
   859 | D:2      | Killed from afar by Natasha

Illustrated notes

Levels and vault maps discovered:
D:1:      psy_arrival_conway, layout_loops_ring
D:2:      layout_loops_ring, lemuel_round_altar, lemuel_coloured_pillars_altar,
          minmay_box_of_dots, uniq_jessica, uniq_natasha,
          uniq_crazy_yiuf_cottage

Skill      XL: |  1  2 |
---------------+-------+-----
Dodging        | 3 |  3.0
Fighting       | |  3.7
Long Blades    | |  3.3
Stealth        | |  1.7

Action                   || total
-------------------------++-------
Melee: Falchion          ||    61
       Tailslap          ||    10
Armor: Skin              ||    16
Dodge: Dodged            ||    44
Block: Other             ||    12
       Rpst.: Falchion   ||    15

Table legend: (Time is in decaauts)
 A = Elapsed time spent in this place.
 B = Non-inter-level travel time spent in this place.
 C = Inter-level travel time spent in this place.
 D = Time resting spent in this place.
 E = Time spent auto-exploring this place.
 F = Levels seen in this place.
 G = Mean time per level.
                   A        B        C        D        E       F      G
               +--------+--------+--------+--------+--------+-----+--------+
         Total |    870 |    870 |      0 |      0 |    748 |   2 |  435.0 |
       Dungeon |    870 |    870 |      0 |      0 |    748 |   2 |  435.0 |
               +--------+--------+--------+--------+--------+-----+--------+

Top non-repeatable levels by time:
     D:1: 856 daAuts
     D:2: 14 daAuts
